AoeStats
← KahTuc

Arabia

510266312Analyzed
1v1 RM · 20h ago on Sep 30, 2026· 21m 9s· 2 players
Game mode
Random Map
Map size
Tiny (2 player)
Population
200
Speed
Normal
Resources
Standard
Victory
Conquest
Starting age
Dark Age
Ending age
Imperial Age
RankedLock teamsTeams togetherTeam positionsShared explorationLock speedFull tech treeHidden civsTurbo modeCheats
Victory
Defeat
🇬🇧 Maya · United Kingdom
1260
+13
🇺🇸 Saxons · United States
1188
-13
KahTuc
6:26 Loom
9:28 Feudal Age
9:56 Man-at-Arms
Noklevann
0:27 Loom
8:52 Feudal Age
9:42 Double-Bit Axe
16:34 Wheelbarrow
20:23 Castle Age
18:58 Stone Mining
Connection lost

Rejoining the realm…

Still unreachable

The connection could not be restored.

Session expired

The server has moved on; the page needs a fresh start.